 Dungeon Crawl Stone Soup version 0.31.0-11-ge490571c62 (webtiles) character file.

Game seed: 6859449309473644761

1073 shadizar the Trooper (level 8, 0/73 HPs)
             Began as a Minotaur Fighter on Feb 4, 2024.
             Was a Follower of Okawaru.
             Slain by Duvessa
             ... wielding a +4 rapier of venom
              (7 damage)
             ... on level 6 of the Dungeon.
             The game lasted 00:03:42 (4436 turns).

shadizar the Trooper (Minotaur Fighter)             Turns: 4436, Time: 00:03:43

Health: 0/73       AC:  8    Str: 24    XL:     8   Next: 7%
Magic:  7/7        EV: 10    Int:  5    God:    Okawaru [*.....]
Gold:   410        SH:  5    Dex:  9    Spells: 7/7 levels left

rFire   . . .        a - +0 war axe
rCold   . . .        c - +0 buckler
rNeg    . . .        b - +0 scale mail
rPois   .            (helmet restricted)
rElec   .            (no cloak)
rCorr   .            r - +0 pair of gloves
SInv    .            (no boots)
Will    .....        (no amulet) Stlth
                     (no ring)
HPRegen 0.32/turn    (no ring)
MPRegen 0.10/turn

%: no passive effects
@: mighty
A: horns 2, retaliatory headbutt
a: Renounce Religion, Heroism


You were on level 6 of the Dungeon.
You worshipped Okawaru.
Okawaru was aware of your devotion.
You visited 2 branches of the dungeon, and saw 7 of its levels.

You collected 410 gold pieces.

Inventory:

Hand Weapons
 a - a +0 war axe (weapon)
Missiles
 n - a throwing net (quivered)
Armour
 b - a +0 scale mail (worn)
 c - a +0 buckler (worn)
 r - a +0 pair of gloves (worn)
 v - a +0 plate armour
Wands
 s - a wand of polymorph (8)
Scrolls
 f - 8 scrolls of identify {unknown}
 h - a scroll of enchant armour {unknown}
 i - 2 scrolls of poison {unknown}
 k - 2 scrolls of teleportation {unknown}
 l - 3 scrolls of immolation {unknown}
 m - 6 scrolls of fog {unknown}
 o - a scroll of silence {unknown}
 t - 2 scrolls of noise {unknown}
 x - 2 scrolls of enchant weapon {unknown}
Potions
 d - a potion of might
 e - 3 potions of heal wounds {unknown}
 g - 3 potions of curing
 j - a potion of resistance {unknown}
 p - a potion of mutation {unknown}
 q - a potion of degeneration {unknown}
 u - a potion of attraction {unknown}
 w - a potion of haste {unknown}


   Skills:
 * Level 7.5 Fighting
 + Level 5.1 Axes
 + Level 5.9 Armour
 + Level 3.9 Dodging
 + Level 5.8 Shields


You had 7 spell levels left.
You didn't know any spells.
Your spell library contained the following spells:

 Spells                   Type           Power      Damage    Failure   Level
 Dazzling Flash           Conj/Hex       0%         N/A       99%         3
 Fugue of the Fallen      Necr           0%         N/A       99%         3
 Ozocubu's Armour         Ice            0%         N/A       99%         3
 Volatile Blastmotes      Fire/Tloc      0%         2d10      99%         3
 Manifold Assault         Tloc           0%         N/A       100%        4
 Olgreb's Toxic Radiance  Alch           0%         N/A       100%        4
 Starburst                Conj/Fire      0%         6d3       100%        6
 Ozocubu's Refrigeration  Ice            0%         4d7       100%        7
 Discord                  Hex            0%         N/A       100%        8
 Maxwell's Capacitive Co  Air            0%         ∞         100%        8
 Summon Ice Beast         Ice/Summ       Unusable   N/A       N/A         3
 Summon Mana Viper        Hex/Summ       Unusable   N/A       N/A         5
 Monstrous Menagerie      Summ           Unusable   N/A       N/A         7

Dungeon Overview and Level Annotations

Branches:
Dungeon (6/15)             Temple (1/1) D:5

Altars:
Ashenzari
Cheibriados
Elyvilon
Fedhas
Gozag
Hepliaklqana
Kikubaaqudgha
Makhleb
Nemelex Xobeh
Okawaru
Qazlal
Trog
Uskayaw
Vehumet
Wu Jian
Xom
Yredelemnul
Zin
The Shining One

Shops:
D:2 (   D:5 !

Annotations:
D:6 Dowan, Duvessa


Innate Abilities, Weirdness & Mutations

You have a pair of horns on your head.
You reflexively headbutt those who attack you in melee.


Message History

Something hits you.
You barely miss Dowan.
Dowan is moderately wounded.
The gnoll bouda shouts!
You hit the orc. You hit Duvessa. You miss something.
You feel very sick. Duvessa barely misses you. You furiously retaliate!
You headbutt Duvessa! The orc hits you but does no damage. Something hits you.
Dowan hits you but does no damage.
Duvessa hits you with a +4 rapier of venom!
You are more poisoned.
You feel very mighty all of a sudden.
You feel very sick.
Duvessa says, "My weaknesses are his strengths!"
Duvessa hits you with a +4 rapier of venom.
You are lethally poisoned!
You block the orc's attack. Something hits you but does no damage.
Dowan closely misses you.
Unknown command.
Unknown command.
Unknown command.
Unknown command.
You barely miss Dowan.
Dowan is moderately wounded.
You hit the orc but do no damage. You barely miss Duvessa. You miss something.
* * * LOW HITPOINT WARNING * * *
You feel extremely sick. Duvessa misses you.
The orc hits you but does no damage.
You hear some strange, mumbled words.
A puff of flame appears from out of thin air!
The puff of flame hits you!
* * * LOW HITPOINT WARNING * * *
Dowan gestures wildly while chanting.
Dowan blinks!
Duvessa hits you with a +4 rapier of venom.
* * * LOW HITPOINT WARNING * * *
You are more poisoned.
It was a potion of curing.
You feel better.
Duvessa hits you with a +4 rapier of venom!
You die...

............##
.............
.....)......#
............###
...............
####
............####
#()#
......§{o.g.....
#[.#
......)@e.....#
#..#
..e...........#
##..#
..............#
#..##
...../......###
##..# ~
............#
#..##≈~
............#
#))#≈≈~
............#
#).##≈~
............#
##.)# ~
............#
#..#


You could see Duvessa (fast), Dowan, a gnoll bouda and an orc.

Vanquished Creatures
  Menkaure (D:6)
  An ice beast (D:5)
  An ogre (D:4)
  A phantom (D:4)
  2 kobold brigands (D:6)
  A scorpion (D:4)
  A howler monkey (D:4)
  A crimson imp (D:5)
  3 hounds
  A gnoll bouda (D:5)
  Natasha (thrice) (D:2)
  An iguana (D:6)
  4 adders
  9 gnolls (D:5)
  A white imp (D:5)
  3 dart slugs
  A ribbon worm (D:4)
  6 orcs
  4 ball pythons
  8 endoplasms
  A giant cockroach (D:4)
  2 hobgoblins (D:2)
  6 jackals (D:3)
  3 quokkas
  4 bats
  3 frilled lizards
  7 goblins
  16 kobolds
  7 rats
102 creatures vanquished.

Notes
Turn   | Place    | Note
-------+----------+-------------------------------------------
     0 | D:1      | shadizar the Minotaur Fighter began the quest for the Orb.
     0 | D:1      | Reached XP level 1. HP: 19/19 MP: 0/0
   167 | D:1      | Reached XP level 2. HP: 21/27 MP: 1/1
   293 | D:1      | Found a faded altar of an unknown god.
   482 | D:2      | Reached skill level 4 in Fighting
   692 | D:2      | Noticed Natasha
   701 | D:2      | Killed Natasha
   702 | D:2      | Reached skill level 1 in Dodging
   702 | D:2      | Reached XP level 3. HP: 9/33 MP: 2/2
   923 | D:2      | Noticed Natasha
   931 | D:2      | Killed Natasha
  1028 | D:2      | Reached XP level 4. HP: 41/41 MP: 3/3
  1035 | D:2      | Found Zine's Weapon Boutique.
  1231 | D:2      | Noticed Natasha
  1238 | D:2      | Killed Natasha
  1587 | D:3      | Found a blossoming altar of Fedhas.
  1616 | D:3      | Reached skill level 5 in Fighting
  1616 | D:3      | Reached XP level 5. HP: 41/48 MP: 4/4
  2547 | D:4      | Noticed a phantom
  2561 | D:4      | Killed a phantom
  2562 | D:4      | Reached XP level 6. HP: 50/57 MP: 5/5
  2950 | D:4      | Reached skill level 6 in Fighting
  2950 | D:4      | Reached skill level 5 in Armour
  2968 | D:4      | Reached skill level 5 in Shields
  3132 | D:5      | Entered Level 5 of the Dungeon
  3267 | D:5      | Found a burning altar of Makhleb.
  3273 | D:5      | Reached XP level 7. HP: 64/64 MP: 6/6
  3582 | D:5      | Found Riphugh's Distillery.
  4031 | D:5      | Found an ornate altar of the Wu Jian Council.
  4058 | D:5      | Found a staircase to the Ecumenical Temple.
  4065 | Temple   | Entered the Ecumenical Temple
  4078 | Temple   | Became a worshipper of Warmaster Okawaru
  4179 | D:6      | Reached skill level 7 in Fighting
  4370 | D:6      | Noticed Menkaure
  4374 | D:6      | Killed Menkaure
  4374 | D:6      | Reached * piety under Okawaru
  4375 | D:6      | Reached skill level 5 in Axes
  4375 | D:6      | Reached XP level 8. HP: 62/73 MP: 7/7
  4423 | D:6      | Noticed Dowan
  4426 | D:6      | Noticed Duvessa
  4435 | D:6      | HP: 1/73 [Duvessa/+4 rapier of venom (5)]
  4436 | D:6      | Slain by Duvessa

Illustrated notes

Levels and vault maps discovered:
D:1:      reono_arrival_mine, layout_rooms, ebering_ecumenical_altar_hall
D:2:      layout_basic, serial_shops, nicolae_shop_waterfront,
          minmay_misc_feat_nine_boxes, nicolae_hexahallways, uniq_natasha
D:3:      layout_loops_ring, fedhas_ov_isle_minmay
D:4:      layout_basic, roderic_roman_lattice
D:5:      layout_loops_ring, nzn_wu_jian_council_hall, makhleb_grotto_becter,
          minmay_temple_entry_overgrown, serial_shops,
          nicolae_shop_real_fake_doors
D:6:      cheibrodos_thug_alley, layout_basic, grunt_dithmenos_smoke,
          uniq_pikel, uniq_menkaure, uniq_blork_the_orc, uniq_duvessa
Temple:   eino_temple_scatter_basement

Skill      XL: |  1  2  3  4  5  6  7 |
---------------+----------------------+-----
Fighting       | 4 5 6 7 |  7.5
Armour         | 4 5 |  5.9
Dodging        | 1 2 3 |  3.9
Axes           | 3 4 5 |  5.1
Shields        | 4 5 |  5.8

Action                     |  1- 3 |  4- 6 |  7- 9 || total
---------------------------+-------+-------+-------++-------
  Melee: War axe           |    42 |   125 |    93 ||   260
         Headbutt          |     8 |    13 |    13 ||    34
  Throw: Throwing net      |       |     1 |       ||     1
    Use: Potion            |       |       |     2 ||     2
 Armour: Scale mail        |    38 |    83 |    88 ||   209
  Dodge: Dodged            |    16 |    73 |    65 ||   154
  Block: Buckler           |     7 |    30 |    27 ||    64
